 Dungeon Crawl Stone Soup version 0.20.1-1-g8b1a95d (webtiles) character file.

8094 equalderp2856 the Cleaver (level 11, -4/82 HPs)
             Began as a Mummy Fighter on Oct 27, 2017.
             Slain by a two-headed ogre
             ... wielding a +0 giant spiked club
              (17 damage)
             ... on level 1 of the Lair of Beasts.
             The game lasted 00:27:48 (15848 turns).

equalderp2856 the Cleaver (Mummy Fighter)          Turns: 15848, Time: 00:27:48

Health: -4/82      AC: 16    Str: 20    XL:     11   Next: 5%
Magic:  20/20      EV:  5    Int: 11    God:
Gold:   608        SH: 10    Dex: 11    Spells: 22/22 levels left

rFire    x . .     SeeInvis +   a - +1 war axe
rCold    + . .     Gourm    .   c - +0 shield
rNeg     + + +     Faith    .   s - +0 plate armour
rPois    ∞         Spirit   .   o - +1 helmet
rElec    .         Reflect  .   g - +0 cloak
rCorr    .         Harm     .   (no gloves)
MR       +....                  (no boots)
Stlth    ..........             (no amulet)
Regen    0.3/turn               j - ring of see invisible
MPRegen  0.2/turn               (no ring)

@: no status effects
A: no food or potions, fire vulnerability, cold resistance 1, negative energy
resistance 3, torment resistance, unbreathing
a: no special abilities


You were on level 1 of the Lair of Beasts.
You were not hungry.

You visited 2 branches of the dungeon, and saw 10 of its levels.

You collected 608 gold pieces.

Inventory:

Hand Weapons
 a - a +1 war axe (weapon)
 t - a +0 spear
Armour
 b - a +0 scale mail
 c - a +0 shield (worn)
 g - a +0 cloak (worn)
 h - a +0 helmet
 o - a +1 helmet (worn)
 s - a +0 plate armour (worn)
Jewellery
 j - a ring of see invisible (left hand)
 n - a +3 ring of protection {unknown}
 r - a +3 ring of dexterity {unknown}
Wands
 l - a wand of lightning (0/15)
 p - a wand of confusion (0/48)
Scrolls
 d - 5 scrolls of remove curse
 e - 8 scrolls of identify
 f - 3 scrolls of teleportation
 i - 2 scrolls of enchant armour
 k - a scroll of recharging
 m - 3 scrolls of enchant weapon
Books
 q - a book of Maledictions

   Spells                             Type                      Level
   a - Corona                         Hexes                        1
   b - Ensorcelled Hibernation        Hexes/Ice                    2
   c - Confuse                        Hexes                        3
   d - Tukima's Dance                 Hexes                        3
   e - Dazzling Spray                 Conjuration/Hexes            3


   Skills:
 + Level 6.3 Fighting
 * Level 9.7(9.8) Axes
 + Level 0.8(6.1) Polearms
 + Level 6.1 Armour
 + Level 2.2 Dodging
 + Level 1.0 Stealth
 + Level 6.1 Shields
 * Level 6.4 Spellcasting


You had 22 spell levels left.
You didn't know any spells.

Dungeon Overview and Level Annotations

Branches:
Dungeon (9/15)             Temple (0/1) D:5            Lair (1/6) D:8
    Orc: D:9-12

Altars:
Ashenzari
Dithmenos
Okawaru
Ru
Yredelemnul

Annotations:
D:9 Irenicus's ghost, novice DDGl


Innate Abilities, Weirdness & Mutations

You do not eat or drink.
Your flesh is vulnerable to fire.
You are immune to poison.
Your flesh is cold resistant. (rC+)
You are immune to negative energy. (rN+++)
You are immune to unholy pain and torment.
You can survive without breathing.


Message History

The two-headed ogre hits you with a dire flail of protection.
You hit the two-headed ogre.
The two-headed ogre is severely wounded.
You slash the two-headed ogre!
The two-headed ogre is almost dead.
The two-headed ogre hits you with a giant spiked club!
You block the two-headed ogre's attack.
You hit the two-headed ogre but do no damage.
The two-headed ogre is almost dead.
You block the two-headed ogre's attack.
The two-headed ogre hits you with a dire flail of protection!
You closely miss the two-headed ogre.
The two-headed ogre is almost dead.
The two-headed ogre hits you with a giant spiked club.
The two-headed ogre hits you with a dire flail of protection!
* * * LOW HITPOINT WARNING * * *
You slash the two-headed ogre!
The two-headed ogre is almost dead.
The two-headed ogre hits you with a giant spiked club!
You die...

...†........#PP
##.#.###.#
#############..
#..#.# ##. #.#
##.#.####. ### #.#
##.#.##... #####.##
##.# #P.#.##.#.
.......#####..####
#....#.##
................F#
##P...†##
######.#.##....#O#
##..#<.#
##.##.######.##@#
#...#.## ##.#.#F###
#.##.# ##......
F.###..#.####.##.#
##.P..# .##
##........##.##
##.#.##
..###..#########..#
#....# ...#...#
#.## ###....##
.......# #.#
#........ .....###
##>## ........#
.....# #...#
#.......#


You could see a two-headed ogre and a bullfrog.

Vanquished Creatures
  A two-headed ogre (D:8)
  The ghost of tarantulino the Carver, a novice NaFi (D:5)
  5 spiny frogs (Lair:1)
  A hippogriff (D:8)
  4 yaks (Lair:1)
  A hungry ghost (D:7)
  5 water moccasins (Lair:1)
  An orc warrior (D:6)
  5 porcupines
  4 black bears
  An ice beast (D:8)
  4 wolves (Lair:1)
  2 ogres (D:7)
  3 centaurs
  6 crocodiles
  4 big kobolds
  6 bullfrogs
  A scorpion (D:4)
  A killer bee (D:6)
  3 wights (D:7)
  A howler monkey (D:8)
  3 crimson imps
  2 bullfrog zombies
  2 hounds
  A jelly (D:8)
  A gnoll shaman (D:7)
  An orc priest (D:8)
  3 bullfrog skeletons
  Jessica (D:2)
  2 iguanas (D:8)
  4 orc wizards
  6 worker ants
  A hound zombie (D:6)
  The ghost of 0x5F3759DF the Grave Robber, a weakling DENe (D:3)
  2 hound skeletons
  A worker ant zombie (D:7)
  A howler monkey skeleton (D:5)
  9 adders
  13 gnolls
  A shadow imp (D:7)
  2 oozes (D:1)
  An adder zombie (D:7)
  An adder skeleton (D:8)
  5 worms
  2 dart slugs
  6 leopard geckos
  14 orcs
  A ball python (D:2)
  9 bats
  7 giant cockroaches
  36 goblins
  28 hobgoblins
  16 jackals
  6 quokkas
  5 frilled lizards
  2 jackal skeletons
  13 kobolds
  2 quokka skeletons
  6 rats
  A fungus (Lair:1)
278 creatures vanquished.

Vanquished Creatures (others)
  An orc wizard (D:6)
  A fungus (Lair:1)
  2 plants (Lair:1)
4 creatures vanquished.

Grand Total: 282 creatures vanquished

Notes
Turn   | Place    | Note
-------+----------+-------------------------------------------
     0 | D:1      | equalderp2856 the Mummy Fighter began the quest for the Orb.
     0 | D:1      | Reached XP level 1. HP: 18/18 MP: 1/1
   129 | D:1      | Reached XP level 2. HP: 21/24 MP: 2/2
   353 | D:1      | Reached XP level 3. HP: 23/29 MP: 3/3
   423 | D:1      | Reached skill level 2 in Axes
  1230 | D:2      | Reached XP level 4. HP: 26/35 MP: 4/4
  1678 | D:2      | Noticed Jessica
  1691 | D:2      | Killed Jessica
  2313 | D:3      | Reached XP level 5. HP: 33/41 MP: 5/5
  2313 | D:3      | Reached skill level 3 in Axes
  2632 | D:3      | Found a shattered altar of Ashenzari.
  3211 | D:2      | Reached skill level 1 in Dodging
  3211 | D:2      | Reached XP level 6. HP: 11/47 MP: 6/6
  3782 | D:3      | Reached skill level 4 in Axes
  4014 | D:3      | Noticed 0x5F3759DF's ghost (weakling DENe)
  4023 | D:3      | Killed 0x5F3759DF's ghost
  4025 | D:3      | Reached XP level 7. HP: 51/53 MP: 7/7
  5007 | D:4      | Found a sacrificial altar of Ru.
  5157 | D:4      | Found a shattered altar of Ashenzari.
  5321 | D:5      | Entered Level 5 of the Dungeon
  5394 | D:5      | Found a staircase to the Ecumenical Temple.
  5420 | D:5      | Noticed tarantulino's ghost (novice NaFi)
  5843 | D:5      | Found a shadowy altar of Dithmenos.
  5861 | D:5      | Reached skill level 5 in Axes
  6340 | D:6      | Found a basalt altar of Yredelemnul.
  6515 | D:6      | Reached skill level 1 in Spellcasting
  6977 | D:7      | Reached XP level 8. HP: 47/60 MP: 9/9
  7479 | D:7      | Found an iron altar of Okawaru.
  7774 | D:7      | Reached skill level 6 in Axes
  8592 | D:8      | Noticed a hippogriff
  9227 | D:7      | Reached XP level 9. HP: 56/67 MP: 13/13
  9231 | D:7      | Reached skill level 5 in Shields
  9424 | D:7      | Reached skill level 5 in Fighting
  9424 | D:7      | Reached skill level 5 in Armour
  9856 | D:7      | Reached skill level 7 in Axes
 10257 | D:8      | Found a staircase to the Lair.
 10892 | D:8      | Noticed a two-headed ogre
 10902 | D:8      | Killed a two-headed ogre
 10902 | D:8      | Reached skill level 8 in Axes
 10902 | D:8      | Reached skill level 5 in Spellcasting
 10902 | D:8      | Reached XP level 10. HP: 68/74 MP: 15/17
 11223 | Lair:1   | Entered Level 1 of the Lair of Beasts
 11225 | Lair:1   | Noticed a four-headed hydra
 11359 | D:9      | Noticed Irenicus's ghost (novice DDGl)
 12153 | D:5      | Killed tarantulino's ghost
 12944 | Lair:1   | Noticed a spiny frog
 12953 | Lair:1   | Killed a spiny frog
 13244 | Lair:1   | Reached skill level 1 in Stealth
 13288 | Lair:1   | Reached skill level 9 in Axes
 14015 | Lair:1   | Noticed a spiny frog
 14044 | Lair:1   | Killed a spiny frog
 14431 | Lair:1   | Noticed a spiny frog
 14463 | Lair:1   | Killed a spiny frog
 15005 | Lair:1   | Noticed a spiny frog
 15251 | Lair:1   | Noticed a spiny frog
 15274 | Lair:1   | Killed a spiny frog
 15274 | Lair:1   | Reached XP level 11. HP: 38/81 MP: 20/20
 15756 | Lair:1   | Noticed a two-headed ogre
 15848 | Lair:1   | Slain by a two-headed ogre

Skill      XL: |  1  2  3  4  5  6  7  8  9 10 |
---------------+-------------------------------+-----
Axes           | 2 3 4 5 6 8 9 |  9.7
Armour         | 3 4 5 6 |  6.1
Shields        | 3 4 5 6 |  6.1
Dodging        | 1 2 |  2.2
Fighting       | 4 5 6 |  6.3
Spellcasting   | 1 3 5 6 |  6.4
Stealth        | 1 |  1.0
Polearms       | |  0.8

Action                   |  1- 3 |  4- 6 |  7- 9 | 10-12 || total
-------------------------+-------+-------+-------+-------++-------
Melee: War axe           |   137 |   271 |   601 |   416 ||  1425
       Spear             |       |       |       |    43 ||    43
Evoke: Wand              |       |       |     1 |    11 ||    12
  Use: Scroll            |       |       |    12 |     1 ||    13
 Stab: Confused          |       |       |       |     1 ||     1
Armor: Scale mail        |    88 |   153 |   158 |       ||   399
       Plate armour      |       |       |   214 |   220 ||   434
Dodge: Dodged            |    61 |   128 |   184 |    91 ||   464
Block: Shield            |    80 |   191 |   349 |   229 ||   849
